 Dungeon Crawl Stone Soup version 0.24.1-14-gf8d2b509d9 (webtiles) character file.

Game seed: 1154631053795783995, levelgen mode: deterministic

1219 Curus the Basher (level 8, -2/64 HPs)
             Began as a Minotaur Abyssal Knight on May 22, 2020.
             Was a Priest of Lugonu.
             Slain by a bullfrog (4 damage)
             ... on level 7 of the Dungeon.
             The game lasted 00:24:38 (4833 turns).

Curus the Basher (Minotaur Abyssal Knight)          Turns: 4833, Time: 00:24:38

Health: -2/64      AC:  9    Str: 18    XL:     8   Next: 23%
Magic:  12/12      EV:  7    Int:  9    God:    Lugonu [***...]
Gold:   254        SH:  0    Dex: 11    Spells: 7/7 levels left

rFire    . . .     SeeInvis .   p - +1 flail
rCold    . . .     Gourm    .   (no shield)
rNeg     . . .     Faith    .   l - +0 chain mail
rPois    .         Spirit   .   (helmet restricted)
rElec    .         Reflect  .   u - +0 cloak
rCorr    .         Harm     +   (no gloves)
MR       .....                  (no boots)
Stlth    ..........             s - amulet of harm
HPRegen  0.20/turn              (no ring)
MPRegen  0.13/turn              (no ring)

@: no status effects
A: retaliatory headbutt, horns 2
a: Depart the Abyss, Bend Space, Banish, Renounce Religion


You were on level 7 of the Dungeon.
You worshipped Lugonu.
Lugonu was most pleased with you.
You were hungry.

You visited 1 branch of the dungeon, and saw 7 of its levels.
You visited the Abyss 1 time.

You collected 254 gold pieces.

Inventory:

Hand Weapons
 a - a +2 mace
 e - a +2 whip of electrocution
 h - a +1 whip of venom
 p - a +1 flail (weapon)
Armour
 b - a +0 leather armour
 d - a +0 ring mail
 l - a +0 chain mail (worn)
 u - a +0 cloak (worn)
Jewellery
 s - an amulet of harm (around neck)
Wands
 i - a wand of random effects (16)
 k - a wand of acid (3)
 q - a wand of clouds (8)
 r - a wand of paralysis (8)
Scrolls
 f - 5 scrolls of remove curse
 m - 2 scrolls of blinking
 n - 2 scrolls of teleportation
 o - 6 scrolls of identify
 t - a scroll of fear
 v - a scroll of fog
 w - a scroll of amnesia
Potions
 g - a potion of haste
 j - 3 potions of curing
Comestibles
 c - 14 rations


   Skills:
 - Level 3.6 Fighting
 + Level 8.7 Maces & Flails
 - Level 2.4 Armour
 - Level 1.1 Dodging
 + Level 7.2 Invocations


You had 7 spell levels left.
You didn't know any spells.
Your spell library was empty.

Dungeon Overview and Level Annotations

Branches:
Dungeon (7/15)             Temple (0/1) D:6

Altars:
Cheibriados
Sif Muna
The Shining One

Annotations:
D:6 2 transporters, Curus's ghost, novice MiBe
D:7 Harold


Innate Abilities, Weirdness & Mutations

You reflexively headbutt those who attack you in melee.
You have a pair of horns on your head.


Message History

The bullfrog hits you but does no damage.
The bullfrog hits you.
* * * LOW HITPOINT WARNING * * *
You hit the bullfrog.
You kill the bullfrog!
Lugonu accepts your kill. The bullfrog closely misses you.
You closely miss the bullfrog. The bullfrog hits you.
* * * LOW HITPOINT WARNING * * *
Harold hits you but does no damage.
You closely miss the bullfrog. Your headbutt misses the bullfrog.
The bullfrog hits you but does no damage.
Harold hits you from afar with a +0 trident!
* * * LOW HITPOINT WARNING * * *
The bullfrog releases a deep croak.
The bullfrog hits you.
* * * LOW HITPOINT WARNING * * *
The bullfrog hits you but does no damage.
The bullfrog hits you.
You die...

###### ############....#
#..........'....# #####
##.#########....# #...#
#.# #<.).# #...#########
#.# #########............
#.# #>...........).......
#.# #.##@####............
#.# #####.##F#
####......... #.#
#...#.##@#######.........
#[#
#...#.......zz.[.........
#.#
#...####.####z.....|...##
##.####...####.#
#..........#
#..............#
#..z.......#
#######...######
#z.........# #####
#..........#


You could see Harold and a bullfrog.

Vanquished Creatures
  2 phantoms
  Blork the orc (D:5)
  2 bullfrogs (D:7)
  A scorpion (D:5)
  A howler monkey (D:5)
  A centaur zombie (D:5)
  4 crimson imps
  A centaur skeleton (D:6)
  Ijyb (D:5)
  4 iguanas
  2 orc wizards
  4 worker ants
  9 adders
  2 shadow imps (D:5)
  A worm (D:4)
  2 dart slugs
  2 leopard geckos
  13 orcs
  2 giant cockroaches
  2 goblins
  8 hobgoblins
  12 jackals
  7 kobolds
  3 quokkas
  2 ball pythons
  6 bats
  5 frilled lizards
  A jackal skeleton (D:4)
  A leopard gecko skeleton (D:5)
  A leopard gecko zombie (D:3)
  7 rats
110 creatures vanquished.

Vanquished Creatures (others)
  An orc warrior (D:6)
1 creature vanquished.

Grand Total: 111 creatures vanquished

Notes
Turn   | Place    | Note
-------+----------+-------------------------------------------
     0 | Abyss:1  | Curus the Minotaur Abyssal Knight began the quest for the
                  | Orb.
     0 | Abyss:1  | Reached XP level 1. HP: 19/19 MP: 1/1
   100 | Abyss:1  | Noticed a quasit
   101 | Abyss:1  | Noticed a starcursed mass
   103 | D:1      | Escaped the Abyss
   172 | D:1      | Reached * piety under Lugonu
   261 | D:1      | Reached XP level 2. HP: 2/26 MP: 2/2
   623 | D:1      | Reached skill level 3 in Maces & Flails
  1110 | D:2      | Reached XP level 3. HP: 22/31 MP: 2/4
  1221 | D:2      | Reached skill level 4 in Maces & Flails
  1221 | D:2      | Reached XP level 4. HP: 38/39 MP: 5/5
  1437 | D:2      | Found a shimmering blue altar of Sif Muna.
  1794 | D:3      | Reached ** piety under Lugonu
  2024 | D:3      | Found a glowing golden altar of the Shining One.
  2128 | D:4      | Reached XP level 5. HP: 42/45 MP: 6/6
  2354 | D:4      | Found a snail-covered altar of Cheibriados.
  2758 | D:5      | Entered Level 5 of the Dungeon
  2768 | D:5      | Reached skill level 5 in Maces & Flails
  2785 | D:5      | Noticed Ijyb
  2794 | D:5      | Paralysed by Ijyb for 6 turns
  2804 | D:5      | Paralysed by Ijyb for 4 turns
  2811 | D:5      | Paralysed by Ijyb for 6 turns
  2820 | D:5      | Killed Ijyb
  2861 | D:5      | Noticed a phantom
  2877 | D:5      | Killed a phantom
  2877 | D:5      | Reached skill level 6 in Maces & Flails
  2877 | D:5      | Reached XP level 6. HP: 31/51 MP: 8/8
  2883 | D:5      | Reached skill level 5 in Invocations
  2893 | D:5      | Noticed Blork the orc
  2904 | D:5      | Killed Blork the orc
  2952 | D:5      | Reached XP level 7. HP: 35/57 MP: 10/10
  3025 | D:5      | Reached skill level 7 in Maces & Flails
  3038 | D:5      | Reached *** piety under Lugonu
  3771 | D:6      | Found a transporter.
  3772 | D:6      | Noticed a two-headed ogre
  3772 | D:6      | Noticed Curus's ghost (novice MiBe)
  3777 | D:6      | Found a transporter.
  3983 | D:6      | Found a staircase to the Ecumenical Temple.
  4312 | D:6      | Reached skill level 8 in Maces & Flails
  4332 | D:6      | HP: 2/57 [poisoned by an orc wizard]
  4691 | D:7      | Reached XP level 8. HP: 58/64 MP: 10/12
  4810 | D:7      | Noticed Harold
  4829 | D:7      | HP: 1/64 [bullfrog (3)]
  4833 | D:7      | Slain by a bullfrog

Levels and vault maps discovered:
D:1:      scummos_arrival_hexagon, layout_loops_ring, bh_walls_and_bars
D:2:      layout_loops_ring, lemuel_blue_sif_altar, first_ration
D:3:      layout_rooms, tso_altar, grunt_ministairs_15
D:4:      layout_rooms, kennysheep_mini_moat, serial_bayou_pond_c
D:5:      layout_basic, uniq_ijyb, uniq_blork_the_orc
D:6:      layout_basic, minmay_temple_entry_grid, gammafunk_ghost_smash,
          minmay_misc_feat_enclosed, minmay_misc_feat_encased
D:7:      minmay_skewed_foursquare, layout_basic, elyvilon_altar_3,
          grunt_temple_overflow_open, cheibrodos_worm_habitat, uniq_harold

Skill      XL: |  1  2  3  4  5  6  7  8 |
---------------+-------------------------+-----
Invocations    | 2 3 4 5 6 7 |  7.2
Maces & Flails | 3 4 6 8 |  8.7
Fighting       | |  3.6
Armour         | |  2.4
Dodging        | |  1.1

Action                   |  1- 3 |  4- 6 |  7- 9 || total
-------------------------+-------+-------+-------++-------
Melee: Mace              |    15 |       |       ||    15
       Headbutt          |     8 |    19 |    20 ||    47
       Whip              |    58 |   140 |    23 ||   221
       Flail             |       |       |   109 ||   109
Invok: Depart the Abyss  |     1 |       |       ||     1
       Banish            |       |       |     1 ||     1
Evoke: Wand              |       |       |     2 ||     2
  Use: Scroll            |     5 |     3 |     1 ||     9
       Potion            |     2 |     2 |     1 ||     5
  Eat: Chunk             |     1 |     5 |     6 ||    12
Armor: Ring mail         |    17 |    20 |       ||    37
       Leather armour    |     1 |       |       ||     1
       Chain mail        |       |    28 |    59 ||    87
Dodge: Dodged            |    38 |    39 |    48 ||   125
